Penguins vs Barracuda

Created - April 25, 2021 at 21:05

Goals
1 2 3 OT1 T
Penguins 1 0 1 0 2
Barracuda 1 0 1 1 3
Shots
1 2 3 OT1 T
Penguins 8 9 14 0 31
Barracuda 14 5 9 1 29

1st period

1. Penguins , Anthony Beauvillier 9 (Jordan Schmaltz 27, Nick Schmaltz 17) at 14:38
2. Barracuda , Sam Carrick 36 (Billy Sweat 45) at 18:09 (PP)

Penalties :
Josh Jooris (Wil) for Roughing (Minor) at 16:37

2nd period

No Goal

Penalties :
Chris Wagner (San) for High sticking (Double Minor) at 6:18, Jordan Schmaltz (Wil) for Hooking (Minor) at 17:15

3rd period

3. Barracuda , Jordan LaVallee 28 (Corban Knight 74) at 2:20 (PP)
4. Penguins , Craig Smith 29 (Iven Barbashev 24) at 10:48

Penalties :
Scott Mayfield (Wil) for Tripping (Minor) at 2:11, Andy Andreoff (Wil) for Holding (Minor) at 3:59, Will Butcher (Wil) for Boarding (Minor) at 6:54, Chris Wagner (San) for Hooking (Minor) at 13:10

Overtime #1

5. Barracuda , Sam Carrick 37 (Billy Sweat 46, Luca Sbisa 23) at 0:46

Penalties :
No Penalty

Goalie Stats

Connor Hellebyuk (Wil), 26 saves from 29 shots - (0.897), OTL, 25-24-5, 60:46 minutes
Joacim Eriksson (San), 29 saves from 31 shots - (0.935), W, 9-5-3, 60:46 minutes

Players Stats for Penguins

Player Name              G  A  P  +/- PIM S  H  SB GA TA FO     MP     PP MP  PK MP  
------------------------------------------------------------------------------------
Andrew O'Brien           0  0  0   0  0   2  1  1  0  0  0/0    13:45   0:08   3:06 
Andy Andreoff            0  0  0  -1  2   2  1  0  0  0  0/2    22:02   2:34   1:45 
Anthony Beauvillier      1  0  1   0  0   2  3  0  1  1  0/0    21:20   2:21   3:11 
Antti Suomela            0  0  0   1  0   1  2  0  0  1  4/10   16:25   2:35   2:53 
Chrstian Dvorak          0  0  0   0  0   0  0  1  0  0  0/0     5:15   0:00   0:17 
Craig Smith              1  0  1   1  0   3  1  1  0  1  4/7    19:03   2:29   3:56 
Curtis Hamilton          0  0  0   0  0   0  0  0  0  0  0/0     8:14   0:08   0:55 
Dakota Mermis            0  0  0   1  0   0  1  2  0  0  0/0    11:40   0:08   1:06 
Denis Malgin             0  0  0   0  0   0  1  0  0  0  2/6     7:08   0:00   0:00 
Iven Barbashev           0  1  1   1  0   0  2  0  0  0  5/12   14:46   2:48   0:00 
Jordan Schmaltz          0  1  1   0  2   4  1  3  0  2  0/0    23:05   3:15   3:23 
Josh Jooris              0  0  0   0  2   3  1  0  1  0  1/3    22:12   3:00   2:00 
Kurt Sauer               0  0  0   0  0   2  0  1  1  0  0/0    23:50   2:35   4:32 
Max Gortz                0  0  0   0  0   2  1  0  0  1  0/0     7:34   0:26   0:00 
Melker Karlsson          0  0  0   0  0   2  0  1  3  0  15/26  16:27   0:02   0:19 
Nick Schmaltz            0  1  1   2  0   1  0  0  0  0  1/3    12:10   1:31   0:00 
Scott Mayfield           0  0  0   1  2   0  1  3  0  0  0/0    26:00   2:35   3:09 
Will Butcher             0  0  0   0  2   7  1  3  0  0  0/0    24:25   3:15   0:00 

Players Stats for Barracuda

Player Name              G  A  P  +/- PIM S  H  SB GA TA FO     MP     PP MP  PK MP  
------------------------------------------------------------------------------------
Alex Plante              0  0  0   0  0   3  0  1  0  1  0/0    11:10   0:14   0:12 
Billy Sweat              0  2  2   1  0   2  2  1  0  0  1/3    19:07   3:15   1:46 
Brandon Kozun            0  0  0  -1  0   1  0  0  0  1  3/4    19:26   3:37   0:00 
Chris Wagner             0  0  0  -1  6   1  0  1  0  0  1/1    11:26   0:37   0:00 
Corban Knight            0  1  1  -1  0   5  0  0  0  1  19/34  22:47   3:36   2:35 
David Shields            0  0  0   0  0   1  0  1  0  1  0/0    11:10   0:14   0:12 
Emil Pettersson          0  0  0  -1  0   1  0  0  0  0  6/9    12:22   0:00   1:33 
Jordan LaVallee          1  0  1  -1  0   4  2  0  2  0  1/3    22:47   3:37   2:42 
Juho Lammikko            0  0  0   0  0   0  1  0  0  0  0/0     5:47   0:00   0:00 
Justin Shugg             0  0  0   0  0   1  0  0  0  0  0/0    17:12   3:15   0:00 
Kevin Connauton          0  0  0  -1  0   1  4  1  2  0  0/0    28:21   4:12   3:02 
Logan MacMillan          0  0  0   0  0   1  0  0  0  0  1/1     6:33   0:46   0:00 
Luca Sbisa               0  1  1   0  0   1  1  1  0  0  0/0    21:15   3:12   2:44 
Sam Carrick              2  0  2   1  0   2  2  0  1  0  3/10   19:04   3:12   1:46 
Samuel Groulx            0  0  0   0  0   1  1  1  0  1  0/0    21:15   3:12   2:44 
Theodor Blueger          0  0  0   0  0   0  0  0  0  0  2/3     6:00   0:00   0:13 
William Carrier          0  0  0  -1  0   2  1  0  0  0  0/1    13:01   0:59   1:21 
Zach Trotman             0  0  0  -1  0   2  2  1  1  1  0/0    28:21   4:12   3:02 

3 Stars

1 - Sam Carrick (San)
2 - Billy Sweat (San)
3 - Craig Smith (Wil)

Power Play

Penguins - 0 on 3 Attempt(s) - 0.00%
Barracuda - 2 on 5 Attempt(s) - 40.00%

Penalty Kill

Penguins - 3 on 5 Attempt(s) - 60.00% - Score 0 goal in Penalty Kill
Barracuda - 3 on 3 Attempt(s) - 100.00% - Score 0 goal in Penalty Kill

Team Stat

Penguins - Hits : 17 - Faceoff Wins : 32 - Blocked Shots : 16 - Penalty Minutes : 10
Barracuda - Hits : 16 - Faceoff Wins : 37 - Blocked Shots : 8 - Penalty Minutes : 6

Official

Referees : Unknown
Linesman : Unknown

Game Notes

Chrstian Dvorak is injured at 16:54 of 1st period (Strained Left Elbow)

Finance

Level 1 -- Attendance: 1367 (68.35%) -- Ticket Income $54,680
Level 2 -- Attendance: 720 (72.00%) -- Ticket Income $14,400
Total Attendance: 2087 (69.57%)
Total Ticket Income: $69,080
Other Income: $3,454
Total Income: $72,534

Penguins

5 vs 5 Forward 
   Center                   Left Wing                Right Wing               Time % Phy DF OF 
 1 Melker Karlsson          Andy Andreoff            Josh Jooris              40     1   2  2  
 2 Iven Barbashev           Chrstian Dvorak          Craig Smith              30     1   2  2  
 3 Antti Suomela            Anthony Beauvillier      Nick Schmaltz            20     1   2  2  
 4 Denis Malgin             Curtis Hamilton          Max Gortz                10     1   2  2  

5 vs 5 Defense 
   Defense                  Defense                                           Time % Phy DF OF 
 1 Will Butcher             Scott Mayfield                                    40     1   2  2  
 2 Kurt Sauer               Jordan Schmaltz                                   30     1   2  2  
 3 Andrew O'Brien           Dakota Mermis                                     20     1   2  2  
 4 Will Butcher             Scott Mayfield                                    10     1   2  2  

PowerPlay Forward 
   Center                   Left Wing                Right Wing               Time % Phy DF OF 
 1 Iven Barbashev           Chrstian Dvorak          Josh Jooris              60     1   2  2  
 2 Antti Suomela            Andy Andreoff            Craig Smith              40     1   2  2  

PowerPlay Defense
   Defense                  Defense                                           Time % Phy DF OF 
 1 Will Butcher             Jordan Schmaltz                                   60     1   2  2  
 2 Kurt Sauer               Scott Mayfield                                    40     1   2  2  

Penalty Kill 4 Players Forward 
   Center                   Wing                     Time % Phy DF OF 
 1 Craig Smith              Josh Jooris              60     1   2  2  
 2 Andy Andreoff            Chrstian Dvorak          40     1   2  2  

Penalty Kill 4 Players Defense
   Defense                  Defense                  Time % Phy DF OF 
 1 Kurt Sauer               Jordan Schmaltz          60     1   2  2  
 2 Scott Mayfield           Andrew O'Brien           40     1   2  2  

Penalty Kill - 3 Players Forward 
   Forward                                           Time % Phy DF OF 
 1 Craig Smith                                       60     1   2  2  
 2 Josh Jooris                                       40     1   2  2  

Penalty Kill - 3 Players Defense
   Defense                  Defense                  Time % Phy DF OF 
 1 Kurt Sauer               Jordan Schmaltz          60     1   2  2  
 2 Scott Mayfield           Andrew O'Brien           40     1   2  2  

4 vs 4 Forward 
   Center                   Wing                     Time % Phy DF OF 
 1 Craig Smith              Josh Jooris              60     1   2  2  
 2 Andy Andreoff            Chrstian Dvorak          40     1   2  2  

4 vs 4 Defense
   Defense                  Defense                  Time % Phy DF OF 
 1 Will Butcher             Scott Mayfield           60     1   2  2  
 2 Kurt Sauer               Jordan Schmaltz          40     1   2  2  

Last Minutes Offensive
   Center                   Left Wing                Right Wing               Defense                  Defense                  
   Iven Barbashev           Andy Andreoff            Craig Smith              Will Butcher             Jordan Schmaltz          

Last Minutes Defensive
   Center                   Left Wing                Right Wing               Defense                  Defense                  
   Iven Barbashev           Andy Andreoff            Craig Smith              Kurt Sauer               Jordan Schmaltz          

Goaltenders
Starting : Connor Hellebyuk         
Backup : Anthony Stolarz          

Extra Forwards
Normal : Anthony Beauvillier, Nick Schmaltz, Chrstian Dvorak - PP : Anthony Beauvillier, Nick Schmaltz - PK : Chrstian Dvorak
Extra Defensemen
Normal : Andrew O'Brien, Dakota Mermis, Scott Mayfield - PP : Andrew O'Brien - PK : Dakota Mermis, Scott Mayfield
Penalty Shots
Craig Smith, Josh Jooris, Andy Andreoff, Chrstian Dvorak, Nick Schmaltz

Scratches
Matthew Finn (Healthy), Danny Biega (Healthy), Raphael Bussieres (Healthy), Sam Kurker (Healthy), Josh Ho-Sang (Healthy)
Brett Pollock (Healthy), Steven Spinner (Healthy), Jason Missiaen (Healthy)

Barracuda

5 vs 5 Forward 
   Center                   Left Wing                Right Wing               Time % Phy DF OF 
 1 Corban Knight            Jordan LaVallee          Brandon Kozun            40     1   2  2  
 2 Sam Carrick              Billy Sweat              Justin Shugg             30     1   2  2  
 3 Emil Pettersson          William Carrier          Chris Wagner             20     1   2  2  
 4 Theodor Blueger          Logan MacMillan          Juho Lammikko            10     1   2  2  

5 vs 5 Defense 
   Defense                  Defense                                           Time % Phy DF OF 
 1 Kevin Connauton          Zach Trotman                                      40     1   2  2  
 2 Luca Sbisa               Samuel Groulx                                     30     1   2  2  
 3 Alex Plante              David Shields                                     20     1   2  2  
 4 Kevin Connauton          Zach Trotman                                      10     1   2  2  

PowerPlay Forward 
   Center                   Left Wing                Right Wing               Time % Phy DF OF 
 1 Corban Knight            Jordan LaVallee          Brandon Kozun            60     1   2  2  
 2 Sam Carrick              Billy Sweat              Justin Shugg             40     1   2  2  

PowerPlay Defense
   Defense                  Defense                                           Time % Phy DF OF 
 1 Kevin Connauton          Zach Trotman                                      60     1   2  2  
 2 Luca Sbisa               Samuel Groulx                                     40     1   2  2  

Penalty Kill 4 Players Forward 
   Center                   Wing                     Time % Phy DF OF 
 1 Corban Knight            Jordan LaVallee          60     1   2  2  
 2 Billy Sweat              Sam Carrick              40     1   2  2  

Penalty Kill 4 Players Defense
   Defense                  Defense                  Time % Phy DF OF 
 1 Kevin Connauton          Zach Trotman             60     1   2  2  
 2 Luca Sbisa               Samuel Groulx            40     1   2  2  

Penalty Kill - 3 Players Forward 
   Forward                                           Time % Phy DF OF 
 1 Corban Knight                                     60     1   2  2  
 2 Jordan LaVallee                                   40     1   2  2  

Penalty Kill - 3 Players Defense
   Defense                  Defense                  Time % Phy DF OF 
 1 Kevin Connauton          Zach Trotman             60     1   2  2  
 2 Luca Sbisa               Samuel Groulx            40     1   2  2  

4 vs 4 Forward 
   Center                   Wing                     Time % Phy DF OF 
 1 Corban Knight            Jordan LaVallee          60     1   2  2  
 2 Billy Sweat              Sam Carrick              40     1   2  2  

4 vs 4 Defense
   Defense                  Defense                  Time % Phy DF OF 
 1 Kevin Connauton          Zach Trotman             60     1   2  2  
 2 Luca Sbisa               Samuel Groulx            40     1   2  2  

Last Minutes Offensive
   Center                   Left Wing                Right Wing               Defense                  Defense                  
   Corban Knight            Jordan LaVallee          Brandon Kozun            Kevin Connauton          Zach Trotman             

Last Minutes Defensive
   Center                   Left Wing                Right Wing               Defense                  Defense                  
   Corban Knight            Jordan LaVallee          Brandon Kozun            Kevin Connauton          Zach Trotman             

Goaltenders
Starting : Joacim Eriksson          
Backup : Brandon Halverson        

Extra Forwards
Normal : William Carrier, Logan MacMillan, Emil Pettersson - PP : William Carrier, Logan MacMillan - PK : Emil Pettersson
Extra Defensemen
Normal : Alex Plante, David Shields, Luca Sbisa - PP : Alex Plante - PK : David Shields, Luca Sbisa
Penalty Shots
Corban Knight, Jordan LaVallee, Billy Sweat, Sam Carrick, William Carrier

Scratches
Thomas Gobeil (Healthy), Alex Henriksson (Healthy), Cole Ully (Healthy), Mario Lucia (Healthy), Phil Di Giuseppe (Healthy)
Jerome Gauthier-Leduc (Healthy), Robin Norell (Healthy), Alex Lintuniemi (Healthy), Oscar Dansk (Healthy)

% Time on Ice - Penguins

Lines # - Real PCT - Wanted PCT - Time Play
Normal Forward
1 - 37% - 40% - 17:22
2 - 27% - 30% - 12:32
3 - 20% - 20% - 9:22
4 - 15% - 10% - 7:08
Normal Defense
1 - 40% - 40% - 18:37
2 - 33% - 30% - 15:23
3 - 21% - 20% - 9:55
4 - 5% - 10% - 2:29
PP Forward
1 - 71% - 60% - 4:14
2 - 29% - 40% - 1:44
PP Defense
1 - 57% - 60% - 3:23
2 - 43% - 40% - 2:35
PK Forward
1 - 79% - 60% - 6:03
2 - 21% - 40% - 1:35
PK Defense
1 - 62% - 60% - 4:42
2 - 38% - 40% - 2:56
PK3 Forward
1 - 0% - 60%
2 - 0% - 40%
PK3 Defense
1 - 0% - 60%
2 - 0% - 40%
44 Forward
1 - 83% - 60% - 0:38
2 - 17% - 40% - 0:08
44 Defense
1 - 83% - 60% - 0:38
2 - 17% - 40% - 0:08
Last Minute Offensive  - 0:00
Last Minute Defensive  - 0:00
Total
Forward - 60:46
Defense - 60:46

% Time on Ice - Barracuda

Lines # - Real PCT - Wanted PCT - Time Play
Normal Forward
1 - 34% - 40% - 15:57
2 - 30% - 30% - 13:59
3 - 23% - 20% - 10:41
4 - 12% - 10% - 5:47
Normal Defense
1 - 41% - 40% - 19:14
2 - 32% - 30% - 15:02
3 - 23% - 20% - 10:36
4 - 3% - 10% - 1:32
PP Forward
1 - 53% - 60% - 4:04
2 - 47% - 40% - 3:34
PP Defense
1 - 58% - 60% - 4:26
2 - 42% - 40% - 3:12
PK Forward
1 - 70% - 60% - 4:12
2 - 30% - 40% - 1:46
PK Defense
1 - 54% - 60% - 3:14
2 - 46% - 40% - 2:44
PK3 Forward
1 - 0% - 60%
2 - 0% - 40%
PK3 Defense
1 - 0% - 60%
2 - 0% - 40%
44 Forward
1 - 85% - 60% - 0:39
2 - 15% - 40% - 0:07
44 Defense
1 - 63% - 60% - 0:29
2 - 37% - 40% - 0:17
Last Minute Offensive  - 0:00
Last Minute Defensive  - 0:00
Total
Forward - 60:46
Defense - 60:46

Play-by-Play

1st period


0:01 of 1st period - Jordan LaVallee wins face-off versus Melker Karlsson in neutral zone.
0:10 of 1st period - Snap shot by Corban Knight.
0:10 of 1st period - Stopped by Connor Hellebyuk with a rebound.
0:12 of 1st period - Slapshot by Jordan LaVallee.
0:12 of 1st period - Shot Misses the Net.
0:14 of 1st period - Snap shot by Zach Trotman.
0:14 of 1st period - Deflect By Jordan LaVallee.
0:14 of 1st period - Shot Misses the Net.
0:14 of 1st period - Puck is out of play.
0:15 of 1st period - Iven Barbashev wins face-off versus Sam Carrick in Penguins zone.
0:24 of 1st period - Slapshot by Kurt Sauer.
0:24 of 1st period - Stopped by Joacim Eriksson without a rebound.
0:25 of 1st period - Billy Sweat wins face-off versus Iven Barbashev in Barracuda zone.
1:08 of 1st period - Kurt Sauer is hit by Billy Sweat and loses puck.
1:24 of 1st period - Icing by Billy Sweat.
1:25 of 1st period - Melker Karlsson wins face-off versus Sam Carrick in Barracuda zone.
2:00 of 1st period - Wrist shot by Luca Sbisa.
2:00 of 1st period - Shot Misses the Net.
2:02 of 1st period - Slapshot by Samuel Groulx.
2:02 of 1st period - Stopped by Connor Hellebyuk without a rebound.
2:03 of 1st period - Melker Karlsson wins face-off versus Corban Knight in Penguins zone.
2:54 of 1st period - Wrist shot by Antti Suomela.
2:54 of 1st period - Shot Blocked by David Shields.
3:15 of 1st period - Off-side.
3:16 of 1st period - Iven Barbashev wins face-off versus Corban Knight in neutral zone.
3:27 of 1st period - Wrist shot by Will Butcher.
3:27 of 1st period - Shot Blocked by Zach Trotman.
3:33 of 1st period - Chrstian Dvorak is hit by Kevin Connauton and loses puck.
3:40 of 1st period - Snap shot by Corban Knight.
3:40 of 1st period - Shot Misses the Net.
3:42 of 1st period - Wrist shot by Jordan LaVallee.
3:42 of 1st period - Shot Blocked by Will Butcher.
3:48 of 1st period - Wrist shot by Corban Knight.
3:48 of 1st period - Stopped by Connor Hellebyuk with a rebound.
3:50 of 1st period - Snap shot by Brandon Kozun.
3:50 of 1st period - Shot Blocked by Will Butcher.
3:52 of 1st period - Snap shot by Brandon Kozun.
3:52 of 1st period - Stopped by Connor Hellebyuk without a rebound.
3:53 of 1st period - Emil Pettersson wins face-off versus Melker Karlsson in Penguins zone.
4:06 of 1st period - Snap shot by Josh Jooris.
4:06 of 1st period - Stopped by Joacim Eriksson without a rebound.
4:07 of 1st period - Melker Karlsson wins face-off versus Emil Pettersson in Barracuda zone.
4:08 of 1st period - Slapshot by Will Butcher.
4:08 of 1st period - Stopped by Joacim Eriksson without a rebound.
4:09 of 1st period - Melker Karlsson wins face-off versus Emil Pettersson in Barracuda zone.
4:45 of 1st period - Snap shot by Will Butcher.
4:45 of 1st period - Stopped by Joacim Eriksson with a rebound.
6:26 of 1st period - Denis Malgin is hit by Samuel Groulx and loses puck.
6:54 of 1st period - Wrist shot by Iven Barbashev.
6:54 of 1st period - Shot Blocked by Samuel Groulx.
6:56 of 1st period - Wrist shot by Craig Smith.
6:56 of 1st period - Shot Misses the Net.
7:47 of 1st period - Logan MacMillan is hit by Dakota Mermis and loses puck.
8:12 of 1st period - Wrist shot by Jordan LaVallee.
8:12 of 1st period - Shot Misses the Net.
8:14 of 1st period - Snap shot by Kevin Connauton.
8:14 of 1st period - Shot Misses the Net.
8:16 of 1st period - Slapshot by Zach Trotman.
8:16 of 1st period - Stopped by Connor Hellebyuk without a rebound.
8:17 of 1st period - Melker Karlsson wins face-off versus Corban Knight in Penguins zone.
8:42 of 1st period - David Shields is hit by Jordan Schmaltz.
9:31 of 1st period - Wrist shot by Corban Knight.
9:31 of 1st period - Shot Blocked by Dakota Mermis.
9:33 of 1st period - Wrist shot by Jordan LaVallee.
9:33 of 1st period - Stopped by Connor Hellebyuk without a rebound.
9:34 of 1st period - Corban Knight wins face-off versus Andy Andreoff in Penguins zone.
10:01 of 1st period - Slapshot by Logan MacMillan.
10:01 of 1st period - Stopped by Connor Hellebyuk with a rebound.
10:03 of 1st period - Snap shot by Logan MacMillan.
10:03 of 1st period - Shot Blocked by Scott Mayfield.
10:05 of 1st period - Snap shot by Logan MacMillan.
10:05 of 1st period - Shot Misses the Net.
10:07 of 1st period - Slapshot by Alex Plante.
10:07 of 1st period - Shot Misses the Net.
10:09 of 1st period - Slapshot by David Shields.
10:09 of 1st period - Stopped by Connor Hellebyuk with a rebound.
10:11 of 1st period - Slapshot by Alex Plante.
10:11 of 1st period - Shot Misses the Net.
10:58 of 1st period - Icing by Jordan LaVallee.
10:59 of 1st period - Corban Knight wins face-off versus Denis Malgin in Barracuda zone.
11:14 of 1st period - Wrist shot by William Carrier.
11:14 of 1st period - Deflect By Max Gortz.
11:14 of 1st period - Shot Blocked by Dakota Mermis.
11:14 of 1st period - Puck is out of play.
11:15 of 1st period - Corban Knight wins face-off versus Josh Jooris in Penguins zone.
11:26 of 1st period - Snap shot by Josh Jooris.
11:26 of 1st period - Stopped by Joacim Eriksson without a rebound.
11:27 of 1st period - Corban Knight wins face-off versus Melker Karlsson in Barracuda zone.
12:04 of 1st period - Wrist shot by Kevin Connauton.
12:04 of 1st period - Shot Misses the Net.
12:16 of 1st period - Slapshot by William Carrier.
12:16 of 1st period - Shot Misses the Net.
12:18 of 1st period - Snap shot by Chris Wagner.
12:18 of 1st period - Stopped by Connor Hellebyuk without a rebound.
12:19 of 1st period - Antti Suomela wins face-off versus Corban Knight in Penguins zone.
12:19 of 1st period - Antti Suomela is hit by Luca Sbisa.
12:24 of 1st period - Off-side.
12:25 of 1st period - Melker Karlsson wins face-off versus Corban Knight in neutral zone.
12:28 of 1st period - Jordan LaVallee is hit by Josh Jooris and loses puck.
13:00 of 1st period - Off-side.
13:01 of 1st period - Corban Knight wins face-off versus Nick Schmaltz in neutral zone.
13:08 of 1st period - Snap shot by Corban Knight.
13:08 of 1st period - Stopped by Connor Hellebyuk with a rebound.
13:10 of 1st period - Snap shot by Jordan LaVallee.
13:10 of 1st period - Stopped by Connor Hellebyuk with a rebound.
13:31 of 1st period - Wrist shot by Melker Karlsson.
13:31 of 1st period - Stopped by Joacim Eriksson without a rebound.
13:32 of 1st period - Melker Karlsson wins face-off versus Emil Pettersson in Barracuda zone.
13:43 of 1st period - Wrist shot by Melker Karlsson.
13:43 of 1st period - Deflect By Josh Jooris.
13:43 of 1st period - Shot Misses the Net.
13:43 of 1st period - Puck is out of play.
13:44 of 1st period - Corban Knight wins face-off versus Melker Karlsson in Barracuda zone.
14:11 of 1st period - Kevin Connauton is hit by Iven Barbashev and loses puck.
14:20 of 1st period - Slapshot by Zach Trotman.
14:20 of 1st period - Deflect By Will Butcher.
14:20 of 1st period - Stopped by Connor Hellebyuk with a rebound.
14:32 of 1st period - Snap shot by Will Butcher.
14:32 of 1st period - Stopped by Joacim Eriksson without a rebound.
14:33 of 1st period - Antti Suomela wins face-off versus William Carrier in Barracuda zone.
14:34 of 1st period - Snap shot by Nick Schmaltz.
14:34 of 1st period - Shot Misses the Net.
14:36 of 1st period - Wrist shot by Jordan Schmaltz.
14:36 of 1st period - Shot Blocked by Luca Sbisa.
14:38 of 1st period - Wrist shot by Anthony Beauvillier.
14:38 of 1st period - Goal by Anthony Beauvillier - Penguins : 1 - Barracuda : 0.
14:39 of 1st period - Corban Knight wins face-off versus Melker Karlsson in neutral zone.
15:06 of 1st period - Scott Mayfield is hit by Zach Trotman and loses puck.
16:05 of 1st period - Icing by Andy Andreoff.
16:06 of 1st period - Corban Knight wins face-off versus Denis Malgin in Penguins zone.
16:34 of 1st period - Slapshot by Kevin Connauton.
16:34 of 1st period - Deflect By Justin Shugg.
16:34 of 1st period - Stopped by Connor Hellebyuk without a rebound.
16:35 of 1st period - Melker Karlsson wins face-off versus Sam Carrick in Penguins zone.
16:37 of 1st period - Minor Penalty to Josh Jooris for Roughing.
16:38 of 1st period - Corban Knight wins face-off versus Craig Smith in Penguins zone.
16:54 of 1st period - Slapshot by Corban Knight.
16:54 of 1st period - Shot Blocked by Chrstian Dvorak.
16:54 of 1st period - Chrstian Dvorak from Penguins is injured at 16:54 of 1st period (Strained Left Elbow).
16:55 of 1st period - Craig Smith wins face-off versus Brandon Kozun in Penguins zone.
17:41 of 1st period - Icing by Luca Sbisa.
17:42 of 1st period - Brandon Kozun wins face-off versus Antti Suomela in Barracuda zone.
18:09 of 1st period - Snap shot by Sam Carrick.
18:09 of 1st period - Goal by Sam Carrick - Penguins : 1 - Barracuda : 1.
18:10 of 1st period - Melker Karlsson wins face-off versus Corban Knight in neutral zone.
18:37 of 1st period - Wrist shot by William Carrier.
18:37 of 1st period - Shot Misses the Net.
19:15 of 1st period - Off-side.
19:16 of 1st period - Theodor Blueger wins face-off versus Denis Malgin in neutral zone.
19:41 of 1st period - Craig Smith is hit by Kevin Connauton and loses puck.
Goals for this period are 1 for Penguins vs 1 for Barracuda.
Shots for this period are 8 for Penguins vs 14 for Barracuda.

2nd period


0:01 of 2nd period - Melker Karlsson wins face-off versus Corban Knight in neutral zone.
0:13 of 2nd period - Snap shot by Josh Jooris.
0:13 of 2nd period - Shot Misses the Net.
0:45 of 2nd period - Wrist shot by Emil Pettersson.
0:45 of 2nd period - Shot Blocked by Andrew O'Brien.
0:47 of 2nd period - Slapshot by Luca Sbisa.
0:47 of 2nd period - Stopped by Connor Hellebyuk without a rebound.
0:48 of 2nd period - Emil Pettersson wins face-off versus Iven Barbashev in Penguins zone.
1:23 of 2nd period - Slapshot by Andy Andreoff.
1:23 of 2nd period - Deflect By Craig Smith.
1:23 of 2nd period - Stopped by Joacim Eriksson without a rebound.
1:24 of 2nd period - Corban Knight wins face-off versus Nick Schmaltz in Barracuda zone.
2:16 of 2nd period - Dakota Mermis is hit by Juho Lammikko.
2:54 of 2nd period - Snap shot by Will Butcher.
2:54 of 2nd period - Shot Misses the Net.
2:56 of 2nd period - Slapshot by Andrew O'Brien.
2:56 of 2nd period - Stopped by Joacim Eriksson with a rebound.
2:58 of 2nd period - Slapshot by Andrew O'Brien.
2:58 of 2nd period - Shot Blocked by Alex Plante.
3:05 of 2nd period - Icing by David Shields.
3:06 of 2nd period - Logan MacMillan wins face-off versus Melker Karlsson in Barracuda zone.
3:19 of 2nd period - Slapshot by Corban Knight.
3:19 of 2nd period - Shot Misses the Net.
3:21 of 2nd period - Snap shot by Corban Knight.
3:21 of 2nd period - Stopped by Connor Hellebyuk with a rebound.
3:47 of 2nd period - Icing by Craig Smith.
3:48 of 2nd period - Emil Pettersson wins face-off versus Iven Barbashev in Penguins zone.
3:49 of 2nd period - Wrist shot by William Carrier.
3:49 of 2nd period - Stopped by Connor Hellebyuk with a rebound.
4:14 of 2nd period - Anthony Beauvillier is hit by Zach Trotman and loses puck.
4:23 of 2nd period - Slapshot by Will Butcher.
4:23 of 2nd period - Stopped by Joacim Eriksson with a rebound.
4:40 of 2nd period - Off-side.
4:41 of 2nd period - Melker Karlsson wins face-off versus Corban Knight in neutral zone.
5:09 of 2nd period - Slapshot by Jordan Schmaltz.
5:09 of 2nd period - Stopped by Joacim Eriksson with a rebound.
5:11 of 2nd period - Slapshot by Kurt Sauer.
5:11 of 2nd period - Stopped by Joacim Eriksson with a rebound.
5:13 of 2nd period - Slapshot by Jordan Schmaltz.
5:13 of 2nd period - Stopped by Joacim Eriksson without a rebound.
5:14 of 2nd period - Denis Malgin wins face-off versus Sam Carrick in Barracuda zone.
5:41 of 2nd period - Corban Knight is hit by Andy Andreoff and loses puck.
6:18 of 2nd period - Double Minor Penalty to Chris Wagner for High sticking.
6:19 of 2nd period - Corban Knight wins face-off versus Iven Barbashev in Barracuda zone.
8:23 of 2nd period - Anthony Beauvillier is hit by Kevin Connauton and loses puck.
8:54 of 2nd period - Icing by Max Gortz.
8:55 of 2nd period - Iven Barbashev wins face-off versus Billy Sweat in Penguins zone.
10:08 of 2nd period - Antti Suomela is hit by Sam Carrick and loses puck.
10:18 of 2nd period - Penalty to Chris Wagner is over, Chris Wagner is back on ice.
10:35 of 2nd period - Wrist shot by Theodor Blueger.
10:35 of 2nd period - Deflect By Dakota Mermis.
10:35 of 2nd period - Shot Misses the Net.
10:35 of 2nd period - Puck is out of play.
10:36 of 2nd period - Denis Malgin wins face-off versus Theodor Blueger in Penguins zone.
10:50 of 2nd period - Snap shot by Max Gortz.
10:50 of 2nd period - Stopped by Joacim Eriksson without a rebound.
10:51 of 2nd period - Corban Knight wins face-off versus Iven Barbashev in Barracuda zone.
11:41 of 2nd period - William Carrier is hit by Max Gortz and loses puck.
11:48 of 2nd period - Slapshot by Alex Plante.
11:48 of 2nd period - Stopped by Connor Hellebyuk without a rebound.
11:49 of 2nd period - Antti Suomela wins face-off versus Corban Knight in Penguins zone.
12:13 of 2nd period - Off-side.
12:14 of 2nd period - Sam Carrick wins face-off versus Melker Karlsson in neutral zone.
13:07 of 2nd period - Corban Knight is hit by Scott Mayfield.
13:11 of 2nd period - Snap shot by Corban Knight.
13:11 of 2nd period - Deflect By Jordan LaVallee.
13:11 of 2nd period - Shot Blocked by Scott Mayfield.
13:11 of 2nd period - Puck is out of play.
13:12 of 2nd period - Iven Barbashev wins face-off versus Jordan LaVallee in Penguins zone.
13:12 of 2nd period - Iven Barbashev is hit by Jordan LaVallee.
13:36 of 2nd period - Iven Barbashev is hit by Sam Carrick and loses puck.
13:58 of 2nd period - Icing by Billy Sweat.
13:59 of 2nd period - Melker Karlsson wins face-off versus Sam Carrick in Barracuda zone.
14:00 of 2nd period - Snap shot by Josh Jooris.
14:00 of 2nd period - Shot Blocked by Billy Sweat.
14:33 of 2nd period - Luca Sbisa is hit by Denis Malgin and loses puck.
15:02 of 2nd period - Snap shot by Kevin Connauton.
15:02 of 2nd period - Stopped by Connor Hellebyuk without a rebound.
15:03 of 2nd period - Theodor Blueger wins face-off versus Melker Karlsson in Penguins zone.
15:54 of 2nd period - Billy Sweat is hit by Andrew O'Brien and loses puck.
16:09 of 2nd period - Snap shot by Andy Andreoff.
16:09 of 2nd period - Stopped by Joacim Eriksson with a rebound.
16:52 of 2nd period - Slapshot by Will Butcher.
16:52 of 2nd period - Stopped by Joacim Eriksson without a rebound.
16:53 of 2nd period - Corban Knight wins face-off versus Antti Suomela in Barracuda zone.
16:53 of 2nd period - Corban Knight is hit by Antti Suomela.
17:00 of 2nd period - Samuel Groulx is hit by Anthony Beauvillier and loses puck.
17:15 of 2nd period - Minor Penalty to Jordan Schmaltz for Hooking.
17:16 of 2nd period - Brandon Kozun wins face-off versus Craig Smith in Penguins zone.
19:15 of 2nd period - Penalty to Jordan Schmaltz is over, Jordan Schmaltz is back on ice.
19:25 of 2nd period - Snap shot by Curtis Hamilton.
19:25 of 2nd period - Shot Misses the Net.
Goals for this period are 0 for Penguins vs 0 for Barracuda.
Shots for this period are 9 for Penguins vs 5 for Barracuda.

3rd period


0:01 of 3rd period - Corban Knight wins face-off versus Melker Karlsson in neutral zone.
0:04 of 3rd period - Slapshot by Jordan LaVallee.
0:04 of 3rd period - Shot Misses the Net.
0:06 of 3rd period - Snap shot by Corban Knight.
0:06 of 3rd period - Shot Blocked by Melker Karlsson.
0:08 of 3rd period - Slapshot by Zach Trotman.
0:08 of 3rd period - Shot Misses the Net.
0:10 of 3rd period - Wrist shot by Jordan LaVallee.
0:10 of 3rd period - Shot Misses the Net.
0:48 of 3rd period - Slapshot by Will Butcher.
0:48 of 3rd period - Stopped by Joacim Eriksson without a rebound.
0:49 of 3rd period - Chris Wagner wins face-off versus Denis Malgin in Barracuda zone.
0:56 of 3rd period - Snap shot by Chris Wagner.
0:56 of 3rd period - Shot Misses the Net.
1:04 of 3rd period - Wrist shot by William Carrier.
1:04 of 3rd period - Stopped by Connor Hellebyuk without a rebound.
1:05 of 3rd period - Melker Karlsson wins face-off versus Corban Knight in Penguins zone.
1:10 of 3rd period - Slapshot by Jordan Schmaltz.
1:10 of 3rd period - Shot Misses the Net.
1:12 of 3rd period - Wrist shot by Melker Karlsson.
1:12 of 3rd period - Deflect By Josh Jooris.
1:12 of 3rd period - Shot Blocked by Kevin Connauton.
1:12 of 3rd period - Puck is out of play.
1:13 of 3rd period - Corban Knight wins face-off versus Andy Andreoff in Barracuda zone.
1:22 of 3rd period - Snap shot by Melker Karlsson.
1:22 of 3rd period - Stopped by Joacim Eriksson with a rebound.
1:24 of 3rd period - Snap shot by Jordan Schmaltz.
1:24 of 3rd period - Shot Misses the Net.
1:26 of 3rd period - Snap shot by Jordan Schmaltz.
1:26 of 3rd period - Deflect By Kevin Connauton.
1:26 of 3rd period - Stopped by Joacim Eriksson with a rebound.
1:28 of 3rd period - Snap shot by Andy Andreoff.
1:28 of 3rd period - Shot Misses the Net.
2:06 of 3rd period - Wrist shot by William Carrier.
2:06 of 3rd period - Shot Blocked by Craig Smith.
2:11 of 3rd period - Minor Penalty to Scott Mayfield for Tripping.
2:12 of 3rd period - Corban Knight wins face-off versus Craig Smith in Penguins zone.
2:20 of 3rd period - Wrist shot by Jordan LaVallee.
2:20 of 3rd period - Goal by Jordan LaVallee - Penguins : 1 - Barracuda : 2.
2:21 of 3rd period - Brandon Kozun wins face-off versus Josh Jooris in neutral zone.
2:49 of 3rd period - Slapshot by Nick Schmaltz.
2:49 of 3rd period - Stopped by Joacim Eriksson with a rebound.
3:37 of 3rd period - Wrist shot by Jordan LaVallee.
3:37 of 3rd period - Deflect By Corban Knight.
3:37 of 3rd period - Stopped by Connor Hellebyuk without a rebound.
3:38 of 3rd period - Sam Carrick wins face-off versus Melker Karlsson in Penguins zone.
3:59 of 3rd period - Minor Penalty to Andy Andreoff for Holding.
4:00 of 3rd period - Craig Smith wins face-off versus Sam Carrick in Penguins zone.
4:15 of 3rd period - Snap shot by Sam Carrick.
4:15 of 3rd period - Shot Blocked by Jordan Schmaltz.
5:07 of 3rd period - Scott Mayfield is hit by Billy Sweat and loses puck.
5:44 of 3rd period - Scott Mayfield is hit by William Carrier.
5:54 of 3rd period - Andrew O'Brien is hit by Jordan LaVallee and loses puck.
5:59 of 3rd period - Penalty to Andy Andreoff is over, Andy Andreoff is back on ice.
6:13 of 3rd period - Snap shot by Max Gortz.
6:13 of 3rd period - Stopped by Joacim Eriksson with a rebound.
6:23 of 3rd period - Snap shot by Emil Pettersson.
6:23 of 3rd period - Stopped by Connor Hellebyuk with a rebound.
6:25 of 3rd period - Slapshot by Kevin Connauton.
6:25 of 3rd period - Shot Misses the Net.
6:27 of 3rd period - Slapshot by Kevin Connauton.
6:27 of 3rd period - Shot Blocked by Jordan Schmaltz.
6:29 of 3rd period - Slapshot by Zach Trotman.
6:29 of 3rd period - Shot Blocked by Kurt Sauer.
6:41 of 3rd period - Justin Shugg is hit by Iven Barbashev and loses puck.
6:54 of 3rd period - Minor Penalty to Will Butcher for Boarding.
6:55 of 3rd period - Craig Smith wins face-off versus Corban Knight in Penguins zone.
7:28 of 3rd period - Wrist shot by Billy Sweat.
7:28 of 3rd period - Stopped by Connor Hellebyuk with a rebound.
8:26 of 3rd period - Billy Sweat is hit by Antti Suomela and loses puck.
8:35 of 3rd period - Jordan Schmaltz is hit by Kevin Connauton and loses puck.
8:54 of 3rd period - Penalty to Will Butcher is over, Will Butcher is back on ice.
8:54 of 3rd period - Snap shot by Billy Sweat.
8:54 of 3rd period - Shot Misses the Net.
8:56 of 3rd period - Slapshot by Sam Carrick.
8:56 of 3rd period - Shot Blocked by Will Butcher.
8:58 of 3rd period - Slapshot by Alex Plante.
8:58 of 3rd period - Deflect By Kurt Sauer.
8:58 of 3rd period - Stopped by Connor Hellebyuk with a rebound.
9:00 of 3rd period - Slapshot by Alex Plante.
9:00 of 3rd period - Stopped by Connor Hellebyuk with a rebound.
10:07 of 3rd period - Slapshot by Will Butcher.
10:07 of 3rd period - Stopped by Joacim Eriksson with a rebound.
10:09 of 3rd period - Wrist shot by Anthony Beauvillier.
10:09 of 3rd period - Deflect By Will Butcher.
10:09 of 3rd period - Shot Misses the Net.
10:09 of 3rd period - Puck is out of play.
10:10 of 3rd period - Melker Karlsson wins face-off versus Jordan LaVallee in Barracuda zone.
10:44 of 3rd period - Snap shot by Nick Schmaltz.
10:44 of 3rd period - Shot Misses the Net.
10:46 of 3rd period - Snap shot by Andrew O'Brien.
10:46 of 3rd period - Stopped by Joacim Eriksson without a rebound.
10:47 of 3rd period - Iven Barbashev wins face-off versus Corban Knight in Barracuda zone.
10:48 of 3rd period - Snap shot by Craig Smith.
10:48 of 3rd period - Goal by Craig Smith - Penguins : 2 - Barracuda : 2.
10:49 of 3rd period - Melker Karlsson wins face-off versus Corban Knight in neutral zone.
11:25 of 3rd period - Snap shot by Andy Andreoff.
11:25 of 3rd period - Stopped by Joacim Eriksson without a rebound.
11:26 of 3rd period - Corban Knight wins face-off versus Iven Barbashev in Barracuda zone.
11:33 of 3rd period - Wrist shot by Jordan LaVallee.
11:33 of 3rd period - Stopped by Connor Hellebyuk with a rebound.
12:04 of 3rd period - Slapshot by Samuel Groulx.
12:04 of 3rd period - Shot Blocked by Jordan Schmaltz.
12:32 of 3rd period - Wrist shot by Antti Suomela.
12:32 of 3rd period - Stopped by Joacim Eriksson without a rebound.
12:33 of 3rd period - Corban Knight wins face-off versus Antti Suomela in Barracuda zone.
12:33 of 3rd period - Corban Knight is hit by Will Butcher.
12:51 of 3rd period - Wrist shot by Nick Schmaltz.
12:51 of 3rd period - Shot Misses the Net.
13:07 of 3rd period - Slapshot by Dakota Mermis.
13:07 of 3rd period - Deflect By Josh Jooris.
13:07 of 3rd period - Stopped by Joacim Eriksson without a rebound.
13:08 of 3rd period - Emil Pettersson wins face-off versus Melker Karlsson in Barracuda zone.
13:10 of 3rd period - Minor Penalty to Chris Wagner for Hooking.
13:11 of 3rd period - Josh Jooris wins face-off versus Corban Knight in Barracuda zone.
13:43 of 3rd period - Snap shot by Craig Smith.
13:43 of 3rd period - Shot Misses the Net.
13:47 of 3rd period - Slapshot by Craig Smith.
13:47 of 3rd period - Stopped by Joacim Eriksson with a rebound.
14:15 of 3rd period - Wrist shot by Emil Pettersson.
14:15 of 3rd period - Shot Blocked by Scott Mayfield.
14:43 of 3rd period - Zach Trotman is hit by Anthony Beauvillier and loses puck.
15:05 of 3rd period - Wrist shot by Billy Sweat.
15:05 of 3rd period - Stopped by Connor Hellebyuk without a rebound.
15:06 of 3rd period - Antti Suomela wins face-off versus Billy Sweat in Penguins zone.
15:10 of 3rd period - Penalty to Chris Wagner is over, Chris Wagner is back on ice.
16:07 of 3rd period - David Shields is hit by Craig Smith and loses puck.
16:21 of 3rd period - Off-side.
16:22 of 3rd period - Sam Carrick wins face-off versus Antti Suomela in neutral zone.
17:33 of 3rd period - Icing by Dakota Mermis.
17:34 of 3rd period - Nick Schmaltz wins face-off versus Sam Carrick in Penguins zone.
17:39 of 3rd period - Justin Shugg is hit by Anthony Beauvillier.
17:51 of 3rd period - Off-side.
17:52 of 3rd period - Emil Pettersson wins face-off versus Iven Barbashev in neutral zone.
18:27 of 3rd period - Icing by Corban Knight.
18:28 of 3rd period - Corban Knight wins face-off versus Antti Suomela in Barracuda zone.
18:44 of 3rd period - Icing by Kurt Sauer.
18:45 of 3rd period - Emil Pettersson wins face-off versus Antti Suomela in Penguins zone.
18:48 of 3rd period - Snap shot by William Carrier.
18:48 of 3rd period - Shot Misses the Net.
19:05 of 3rd period - Slapshot by Anthony Beauvillier.
19:05 of 3rd period - Stopped by Joacim Eriksson with a rebound.
19:07 of 3rd period - Slapshot by Jordan Schmaltz.
19:07 of 3rd period - Shot Blocked by Chris Wagner.
19:09 of 3rd period - Slapshot by Jordan Schmaltz.
19:09 of 3rd period - Stopped by Joacim Eriksson with a rebound.
19:11 of 3rd period - Snap shot by Antti Suomela.
19:11 of 3rd period - Shot Misses the Net.
Goals for this period are 1 for Penguins vs 1 for Barracuda.
Shots for this period are 14 for Penguins vs 9 for Barracuda.

Overtime #1


0:01 of 1st overtime period - Craig Smith wins face-off versus Corban Knight in neutral zone.
0:44 of 1st overtime period - Snap shot by Billy Sweat.
0:44 of 1st overtime period - Shot Misses the Net.
0:46 of 1st overtime period - Wrist shot by Billy Sweat.
0:46 of 1st overtime period - Deflect By Sam Carrick.
0:46 of 1st overtime period - Goal by Sam Carrick - Penguins : 2 - Barracuda : 3.
Goals for this period are 0 for Penguins vs 1 for Barracuda.
Shots for this period are 0 for Penguins vs 1 for Barracuda.